Little Stars vs Tamiflu
Created - 11 décembre 2014 at 20:25
Goals
|
| Little Stars |
1 |
1 |
2 |
4 |
| Tamiflu |
0 |
2 |
0 |
2 |
|
Shots
|
| Little Stars |
3 |
9 |
8 |
20 |
| Tamiflu |
2 |
11 |
12 |
25 |
|
1st period
1. Little Stars , Hugh Jessiman 12 (Cody Bass, Mathieu Roy) at 9:26
Penalties :
No Penalty
2nd period
2. Little Stars , Jesse Joensuu 16 (Ryan Vesce, Cameron Schilling) at 1:23
3. Tamiflu , Mike Duco 13 (Jonathan Sigalet, Casey Wellman) at 5:45
4. Tamiflu , Nathan Oystrick 8 (Johan Fransson) at 17:59
Penalties :
Rich Clune (Det) for Holding (Minor) at 7:50, Philip Samuelsson (Det) for Hooking (Minor) at 15:46
3rd period
5. Little Stars , Ryan Vesce 22 (Raphael Diaz, Marcus Kruger) at 7:47
6. Little Stars , Landon Ferraro 1 (Mathieu Roy, Clay Wilson) at 10:21
Penalties :
Greg Mauldin (Det) for Holding (Minor) at 5:10, Mathieu Roy (Tex) for Unsportsmanlike conduct (Major / Game Misconduct) at 15:21
Goalie Stats
Erik Ersberg (Tex), 23 saves from 25 shots - (0,920), W, 18-6-3, 60:00 minutes
Thomas Greiss (Det), 16 saves from 20 shots - (0,800), L, 5-5-2, 60:00 minutes
Players Stats for Little Stars
Player Name G A P +/- PIM S H SB GA TA FO MP PP MP PK MP
------------------------------------------------------------------------------------
Cameron Schilling 0 1 1 0 0 0 2 0 0 0 0/0 17:49 2:10 1:25
Carl Hagelin 0 0 0 1 0 0 2 0 0 1 0/1 17:13 2:45 0:33
Clay Wilson 0 1 1 2 0 0 2 2 0 2 0/0 25:31 2:58 2:30
Cody Bass 0 1 1 1 0 3 1 0 0 0 4/7 15:46 2:45 0:00
Corey Trivino 0 0 0 0 0 0 1 1 0 0 3/3 12:01 0:48 0:00
Danny DeKeiser 0 0 0 0 0 0 0 0 0 0 0/0 5:29 0:49 0:00
Hugh Jessiman 1 0 1 1 0 2 1 0 0 0 0/0 21:28 2:39 1:53
Jared Spurgeon 0 0 0 0 0 0 0 1 0 0 0/0 11:17 0:45 0:04
Jesse Joensuu 1 0 1 1 0 2 3 1 0 0 0/2 23:03 2:03 1:30
Jimmy Hayes 0 0 0 0 0 1 1 0 0 1 0/0 13:09 1:08 0:00
Landon Ferraro 1 0 1 0 0 1 1 0 0 1 3/5 12:01 0:30 1:30
Marcus Kruger 0 1 1 1 0 4 2 0 0 1 11/21 22:39 2:13 1:16
Mathieu Roy 0 2 2 2 15 0 0 1 0 0 0/0 23:00 2:58 0:00
Matt Halischuk 0 0 0 0 0 3 0 0 1 0 0/0 12:24 0:44 0:42
Matt Pelech 0 0 0 0 0 0 1 0 0 0 0/0 11:27 0:01 1:37
Raphael Diaz 0 1 1 0 0 0 0 0 1 1 0/0 18:18 2:10 1:54
Robert Czarnik 0 0 0 0 0 0 0 0 0 0 0/0 0:00 0:00 0:00
Ryan Ellis 0 0 0 0 0 0 0 0 0 0 0/0 7:42 0:24 1:46
Ryan Vesce 1 1 2 1 0 4 1 1 2 0 2/2 25:04 1:55 1:52
Players Stats for Tamiflu
Player Name G A P +/- PIM S H SB GA TA FO MP PP MP PK MP
------------------------------------------------------------------------------------
Adam Henrique 0 0 0 -1 0 2 1 1 0 0 4/6 13:50 1:10 0:24
Alex Picard 0 0 0 0 0 6 5 0 1 0 0/0 24:11 1:48 2:00
Ben Hanowski 0 0 0 0 0 0 0 0 0 0 0/0 3:31 0:50 1:22
Carson Mcmillan 0 0 0 -1 0 0 2 0 0 0 0/3 17:41 1:49 0:56
Casey Wellman 0 1 1 1 0 0 0 0 0 0 4/5 8:41 0:00 0:00
Cody Goloubef 0 0 0 0 0 0 0 0 0 1 0/0 5:21 0:00 0:35
Greg Mauldin 0 0 0 -2 2 1 2 1 1 0 1/9 18:37 1:54 0:58
Johan Fransson 0 1 1 -1 0 0 0 0 0 0 0/0 19:04 1:52 2:26
Jonathan Sigalet 0 1 1 -1 0 2 1 1 1 1 0/0 24:34 2:05 2:46
Jordan Hendry 0 0 0 -1 0 3 1 1 0 0 0/0 24:34 2:05 2:46
Kyle Lawson 0 0 0 0 0 0 0 0 0 0 0/0 11:36 0:41 0:45
Mattias Tedenby 0 0 0 1 0 1 2 0 2 0 1/1 11:24 0:12 1:43
Mike Duco 1 0 1 0 0 1 1 0 0 0 0/0 13:01 0:58 0:00
Nate Thompson 0 0 0 -1 0 5 0 1 1 1 8/17 25:56 1:30 2:00
Nathan Oystrick 1 0 1 -1 0 1 3 1 1 0 0/0 19:04 1:52 2:26
Petr Pohl 0 0 0 -2 0 2 0 0 0 1 0/0 16:56 1:54 0:00
Philip Samuelsson 0 0 0 1 2 0 1 0 0 0 0/0 11:26 0:41 0:22
Philippe Dupuis 0 0 0 0 0 0 0 0 0 0 0/0 0:52 0:00 0:52
Rich Clune 0 0 0 -2 2 1 1 0 0 0 0/0 18:55 1:49 1:27
Stefan Elliott 0 0 0 0 0 0 0 0 0 0 0/0 0:00 0:00 0:00
Teemu Laakso 0 0 0 0 0 0 0 0 0 0 0/0 4:46 0:00 0:00
Teigan Zahn 0 0 0 0 0 0 0 0 0 0 0/0 0:00 0:00 0:00
3 Stars
1 - Ryan Vesce (Tex)
2 - Jesse Joensuu (Tex)
3 - Hugh Jessiman (Tex)
Power Play
Little Stars - 0 on 3 Attempt(s) - 0,00%
Tamiflu - 0 on 1 Attempt(s) - 0,00%
Penalty Kill
Little Stars - 1 on 1 Attempt(s) - 100,00%
- Score 0 goal in Penalty Kill
Tamiflu - 3 on 3 Attempt(s) - 100,00%
- Score 0 goal in Penalty Kill
Official
Referees : StPierre Justin and Dwyer Gord
Linesman : Pierre Racicot and Mark Wheler
Game Notes
Danny DeKeiser is injured at 7:34 of 3rd period (Sprained Left Finger)
Mathieu Roy ejected from game at 15:21 of 3rd period
Finance
Level 1 -- Attendance: 1577 (78,85%) -- Ticket Income 47 310 $
Level 2 -- Attendance: 809 (80,90%) -- Ticket Income 9 708 $
Total Attendance: 2386 (79,53%)
Total Ticket Income: 57 018 $
Other Income: 2 851 $
Total Income: 59 869 $
Little Stars
5 vs 5 Forward
Center Left Wing Right Wing Time % Phy DF OF
1 Marcus Kruger Jesse Joensuu Ryan Vesce 40 1 2 2
2 Cody Bass Carl Hagelin Hugh Jessiman 30 1 2 2
3 Corey Trivino Ryan Vesce Matt Halischuk 20 1 2 2
4 Landon Ferraro Hugh Jessiman Jimmy Hayes 10 1 2 2
5 vs 5 Defense
Defense Defense Time % Phy DF OF
1 Mathieu Roy Clay Wilson 40 1 2 2
2 Raphael Diaz Cameron Schilling 30 1 2 2
3 Jared Spurgeon Matt Pelech 20 1 2 2
4 Ryan Ellis Danny DeKeiser 10 1 2 2
PowerPlay Forward
Center Left Wing Right Wing Time % Phy DF OF
1 Marcus Kruger Jesse Joensuu Ryan Vesce 60 1 2 2
2 Cody Bass Carl Hagelin Hugh Jessiman 40 1 2 2
PowerPlay Defense
Defense Defense Time % Phy DF OF
1 Mathieu Roy Clay Wilson 60 1 2 2
2 Raphael Diaz Cameron Schilling 40 1 2 2
Penalty Kill 4 Players Forward
Center Wing Time % Phy DF OF
1 Ryan Vesce Hugh Jessiman 60 1 2 2
2 Matt Halischuk Marcus Kruger 40 1 2 2
Penalty Kill 4 Players Defense
Defense Defense Time % Phy DF OF
1 Mathieu Roy Clay Wilson 60 1 2 2
2 Raphael Diaz Cameron Schilling 40 1 2 2
Penalty Kill - 3 Players Forward
Forward Time % Phy DF OF
1 Ryan Vesce 60 1 2 2
2 Hugh Jessiman 40 1 2 2
Penalty Kill - 3 Players Defense
Defense Defense Time % Phy DF OF
1 Mathieu Roy Clay Wilson 60 1 2 2
2 Raphael Diaz Cameron Schilling 40 1 2 2
4 vs 4 Forward
Center Wing Time % Phy DF OF
1 Ryan Vesce Hugh Jessiman 60 1 2 2
2 Matt Halischuk Marcus Kruger 40 1 2 2
4 vs 4 Defense
Defense Defense Time % Phy DF OF
1 Mathieu Roy Clay Wilson 60 1 2 2
2 Raphael Diaz Cameron Schilling 40 1 2 2
Last Minutes Offensive
Center Left Wing Right Wing Defense Defense
Marcus Kruger Jesse Joensuu Ryan Vesce Mathieu Roy Clay Wilson
Last Minutes Defensive
Center Left Wing Right Wing Defense Defense
Marcus Kruger Jesse Joensuu Ryan Vesce Mathieu Roy Clay Wilson
Goaltenders
Starting : Erik Ersberg
Backup : Ben Scrivens
Extra Forwards
Normal : Jimmy Hayes, Corey Trivino, Landon Ferraro - PP : Jimmy Hayes, Corey Trivino - PK : Landon Ferraro
Extra Defensemen
Normal : Jared Spurgeon, Matt Pelech, Ryan Ellis - PP : Jared Spurgeon - PK : Matt Pelech, Ryan Ellis
Penalty Shots
Ryan Vesce, Hugh Jessiman, Matt Halischuk, Marcus Kruger, Cody Bass
Tamiflu
5 vs 5 Forward
Center Left Wing Right Wing Time % Phy DF OF
1 Nate Thompson Alex Picard Carson Mcmillan 40 1 2 2
2 Greg Mauldin Rich Clune Petr Pohl 30 1 2 2
3 Adam Henrique Nate Thompson Mike Duco 20 1 2 2
4 Casey Wellman Alex Picard Mattias Tedenby 10 1 2 2
5 vs 5 Defense
Defense Defense Time % Phy DF OF
1 Jonathan Sigalet Jordan Hendry 40 1 2 2
2 Nathan Oystrick Johan Fransson 30 1 2 2
3 Philip Samuelsson Kyle Lawson 20 1 2 2
4 Cody Goloubef Teemu Laakso 10 1 2 2
PowerPlay Forward
Center Left Wing Right Wing Time % Phy DF OF
1 Nate Thompson Alex Picard Carson Mcmillan 60 1 2 2
2 Greg Mauldin Rich Clune Petr Pohl 40 1 2 2
PowerPlay Defense
Defense Defense Time % Phy DF OF
1 Jonathan Sigalet Jordan Hendry 60 1 2 2
2 Nathan Oystrick Johan Fransson 40 1 2 2
Penalty Kill 4 Players Forward
Center Wing Time % Phy DF OF
1 Nate Thompson Alex Picard 60 1 2 2
2 Greg Mauldin Carson Mcmillan 40 1 2 2
Penalty Kill 4 Players Defense
Defense Defense Time % Phy DF OF
1 Jonathan Sigalet Jordan Hendry 60 1 2 2
2 Nathan Oystrick Johan Fransson 40 1 2 2
Penalty Kill - 3 Players Forward
Forward Time % Phy DF OF
1 Nate Thompson 60 1 2 2
2 Alex Picard 40 1 2 2
Penalty Kill - 3 Players Defense
Defense Defense Time % Phy DF OF
1 Jonathan Sigalet Jordan Hendry 60 1 2 2
2 Nathan Oystrick Johan Fransson 40 1 2 2
4 vs 4 Forward
Center Wing Time % Phy DF OF
1 Nate Thompson Alex Picard 60 1 2 2
2 Greg Mauldin Carson Mcmillan 40 1 2 2
4 vs 4 Defense
Defense Defense Time % Phy DF OF
1 Jonathan Sigalet Jordan Hendry 60 1 2 2
2 Nathan Oystrick Johan Fransson 40 1 2 2
Last Minutes Offensive
Center Left Wing Right Wing Defense Defense
Nate Thompson Alex Picard Carson Mcmillan Jonathan Sigalet Jordan Hendry
Last Minutes Defensive
Center Left Wing Right Wing Defense Defense
Nate Thompson Alex Picard Carson Mcmillan Jonathan Sigalet Jordan Hendry
Goaltenders
Starting : Thomas Greiss
Backup : Joe Fallon
Extra Forwards
Normal : Adam Henrique, Mike Duco, Mattias Tedenby - PP : Adam Henrique, Mike Duco - PK : Mattias Tedenby
Extra Defensemen
Normal : Philip Samuelsson, Kyle Lawson, Cody Goloubef - PP : Philip Samuelsson - PK : Kyle Lawson, Cody Goloubef
Penalty Shots
Nate Thompson, Alex Picard, Greg Mauldin, Carson Mcmillan, Petr Pohl
% Time on Ice - Little Stars
Lines # - Real PCT - Wanted PCT - Time Play
Normal Forward
1 - 39% - 40% - 19:10
2 - 27% - 30% - 13:22
3 - 20% - 20% - 9:55
4 - 14% - 10% - 6:58
Normal Defense
1 - 41% - 40% - 20:03
2 - 30% - 30% - 14:39
3 - 19% - 20% - 9:36
4 - 10% - 10% - 5:07
PP Forward
1 - 37% - 60% - 2:13
2 - 63% - 40% - 3:44
PP Defense
1 - 50% - 60% - 2:58
2 - 50% - 40% - 2:59
PK Forward
1 - 85% - 60% - 3:56
2 - 15% - 40% - 0:42
PK Defense
1 - 69% - 60% - 3:13
2 - 31% - 40% - 1:25
PK3 Forward
1 - 0% - 60%
2 - 0% - 40%
PK3 Defense
1 - 0% - 60%
2 - 0% - 40%
44 Forward
1 - 0% - 60%
2 - 0% - 40%
44 Defense
1 - 0% - 60%
2 - 0% - 40%
Last Minute Offensive - 0:00
Last Minute Defensive - 0:00
Total
Forward - 60:00
Defense - 60:00
|
% Time on Ice - Tamiflu
Lines # - Real PCT - Wanted PCT - Time Play
Normal Forward
1 - 31% - 40% - 15:15
2 - 30% - 30% - 15:04
3 - 21% - 20% - 10:25
4 - 18% - 10% - 8:41
Normal Defense
1 - 40% - 40% - 19:43
2 - 30% - 30% - 14:48
3 - 21% - 20% - 10:08
4 - 10% - 10% - 4:46
PP Forward
1 - 56% - 60% - 2:37
2 - 44% - 40% - 2:01
PP Defense
1 - 60% - 60% - 2:46
2 - 40% - 40% - 1:52
PK Forward
1 - 51% - 60% - 3:02
2 - 49% - 40% - 2:55
PK Defense
1 - 46% - 60% - 2:46
2 - 54% - 40% - 3:11
PK3 Forward
1 - 0% - 60%
2 - 0% - 40%
PK3 Defense
1 - 0% - 60%
2 - 0% - 40%
44 Forward
1 - 0% - 60%
2 - 0% - 40%
44 Defense
1 - 0% - 60%
2 - 0% - 40%
Last Minute Offensive - 0:00
Last Minute Defensive - 0:00
Total
Forward - 60:00
Defense - 60:00
|
Play by Play
1st period
0:01 of 1st period - Nate Thompson wins face-off versus Marcus Kruger in neutral zone.
0:04 of 1st period - Clay Wilson is hit by Alex Picard and loses puck.
0:47 of 1st period - Jesse Joensuu is hit by Nathan Oystrick and loses puck.
1:00 of 1st period - Wrist shot by Hugh Jessiman.
1:00 of 1st period - Stopped by Thomas Greiss with a rebound.
1:02 of 1st period - Snap shot by Carl Hagelin.
1:02 of 1st period - Shot Misses the Net.
1:26 of 1st period - Raphael Diaz is hit by Greg Mauldin and loses puck.
2:34 of 1st period - Snap shot by Jimmy Hayes.
2:34 of 1st period - Shot Misses the Net.
2:58 of 1st period - Petr Pohl is hit by Marcus Kruger and loses puck.
3:45 of 1st period - Nate Thompson is hit by Jimmy Hayes.
3:58 of 1st period - Icing by Kyle Lawson.
3:59 of 1st period - Casey Wellman wins face-off versus Carl Hagelin in Tamiflu zone.
4:04 of 1st period - Carl Hagelin is hit by Mattias Tedenby and loses puck.
5:35 of 1st period - Jared Spurgeon is hit by Philip Samuelsson and loses puck.
6:05 of 1st period - Icing by Matt Halischuk.
6:06 of 1st period - Corey Trivino wins face-off versus Carson Mcmillan in Little Stars zone.
6:06 of 1st period - Corey Trivino is hit by Alex Picard.
6:46 of 1st period - Snap shot by Adam Henrique.
6:46 of 1st period - Shot Misses the Net.
8:25 of 1st period - Icing by Raphael Diaz.
8:26 of 1st period - Adam Henrique wins face-off versus Landon Ferraro in Little Stars zone.
8:33 of 1st period - Wrist shot by Adam Henrique.
8:33 of 1st period - Deflect By Nate Thompson.
8:33 of 1st period - Stopped by Erik Ersberg without a rebound.
8:34 of 1st period - Cody Bass wins face-off versus Greg Mauldin in Little Stars zone.
8:34 of 1st period - Cody Bass is hit by Jonathan Sigalet.
8:48 of 1st period - Wrist shot by Greg Mauldin.
8:48 of 1st period - Shot Misses the Net.
8:50 of 1st period - Wrist shot by Greg Mauldin.
8:50 of 1st period - Stopped by Erik Ersberg without a rebound.
8:51 of 1st period - Marcus Kruger wins face-off versus Carson Mcmillan in Little Stars zone.
9:24 of 1st period - Snap shot by Cody Bass.
9:24 of 1st period - Shot Blocked by Greg Mauldin.
9:26 of 1st period - Wrist shot by Hugh Jessiman.
9:26 of 1st period - Goal by Hugh Jessiman - Little Stars : 1 - Tamiflu : 0.
9:27 of 1st period - Marcus Kruger wins face-off versus Nate Thompson in neutral zone.
9:34 of 1st period - Snap shot by Marcus Kruger.
9:34 of 1st period - Shot Misses the Net.
12:05 of 1st period - Backhand shot by Jesse Joensuu.
12:05 of 1st period - Shot Misses the Net.
12:25 of 1st period - Wrist shot by Cody Bass.
12:25 of 1st period - Stopped by Thomas Greiss with a rebound.
14:29 of 1st period - Icing by Landon Ferraro.
14:30 of 1st period - Landon Ferraro wins face-off versus Casey Wellman in Little Stars zone.
15:07 of 1st period - Slapshot by Jimmy Hayes.
15:07 of 1st period - Shot Blocked by Nate Thompson.
15:09 of 1st period - Wrist shot by Hugh Jessiman.
15:09 of 1st period - Shot Blocked by Nathan Oystrick.
19:39 of 1st period - Hugh Jessiman is hit by Mike Duco and loses puck.
Goals for this period are 1 for Little Stars vs 0 for Tamiflu.
Shots for this period are 3 for Little Stars vs 2 for Tamiflu.
2nd period
0:01 of 2nd period - Marcus Kruger wins face-off versus Nate Thompson in neutral zone.
0:16 of 2nd period - Slapshot by Ryan Vesce.
0:16 of 2nd period - Shot Blocked by Jordan Hendry.
0:28 of 2nd period - Snap shot by Petr Pohl.
0:28 of 2nd period - Shot Misses the Net.
0:52 of 2nd period - Wrist shot by Nate Thompson.
0:52 of 2nd period - Shot Misses the Net.
0:54 of 2nd period - Slapshot by Jonathan Sigalet.
0:54 of 2nd period - Deflect By Adam Henrique.
0:54 of 2nd period - Shot Blocked by Corey Trivino.
0:54 of 2nd period - Puck is out of play.
0:55 of 2nd period - Landon Ferraro wins face-off versus Nate Thompson in Little Stars zone.
0:55 of 2nd period - Landon Ferraro is hit by Alex Picard.
1:23 of 2nd period - Snap shot by Ryan Vesce.
1:23 of 2nd period - Deflect By Jesse Joensuu.
1:23 of 2nd period - Goal by Jesse Joensuu - Little Stars : 2 - Tamiflu : 0.
1:24 of 2nd period - Marcus Kruger wins face-off versus Nate Thompson in neutral zone.
1:37 of 2nd period - Wrist shot by Ryan Vesce.
1:37 of 2nd period - Stopped by Thomas Greiss with a rebound.
1:39 of 2nd period - Snap shot by Marcus Kruger.
1:39 of 2nd period - Stopped by Thomas Greiss with a rebound.
1:49 of 2nd period - Carl Hagelin is hit by Jordan Hendry and loses puck.
1:58 of 2nd period - Slapshot by Petr Pohl.
1:58 of 2nd period - Stopped by Erik Ersberg with a rebound.
2:00 of 2nd period - Slapshot by Greg Mauldin.
2:00 of 2nd period - Shot Misses the Net.
2:14 of 2nd period - Adam Henrique is hit by Corey Trivino and loses puck.
2:47 of 2nd period - Snap shot by Marcus Kruger.
2:47 of 2nd period - Stopped by Thomas Greiss without a rebound.
2:48 of 2nd period - Marcus Kruger wins face-off versus Greg Mauldin in Tamiflu zone.
2:55 of 2nd period - Snap shot by Jesse Joensuu.
2:55 of 2nd period - Shot Misses the Net.
2:57 of 2nd period - Snap shot by Marcus Kruger.
2:57 of 2nd period - Stopped by Thomas Greiss with a rebound.
3:17 of 2nd period - Snap shot by Alex Picard.
3:17 of 2nd period - Stopped by Erik Ersberg with a rebound.
3:19 of 2nd period - Slapshot by Nate Thompson.
3:19 of 2nd period - Shot Misses the Net.
4:07 of 2nd period - Wrist shot by Marcus Kruger.
4:07 of 2nd period - Shot Blocked by Jonathan Sigalet.
4:09 of 2nd period - Wrist shot by Raphael Diaz.
4:09 of 2nd period - Shot Misses the Net.
4:51 of 2nd period - Ryan Vesce is hit by Nathan Oystrick.
5:11 of 2nd period - Mike Duco is hit by Clay Wilson and loses puck.
5:42 of 2nd period - Slapshot by Jonathan Sigalet.
5:42 of 2nd period - Stopped by Erik Ersberg without a rebound.
5:43 of 2nd period - Casey Wellman wins face-off versus Jesse Joensuu in Little Stars zone.
5:43 of 2nd period - Casey Wellman is hit by Cameron Schilling.
5:45 of 2nd period - Snap shot by Jonathan Sigalet.
5:45 of 2nd period - Deflect By Mike Duco.
5:45 of 2nd period - Goal by Mike Duco - Little Stars : 2 - Tamiflu : 1.
5:46 of 2nd period - Nate Thompson wins face-off versus Marcus Kruger in neutral zone.
6:11 of 2nd period - Greg Mauldin is hit by Hugh Jessiman and loses puck.
6:45 of 2nd period - Off-side.
6:46 of 2nd period - Casey Wellman wins face-off versus Landon Ferraro in neutral zone.
6:51 of 2nd period - Wrist shot by Alex Picard.
6:51 of 2nd period - Stopped by Erik Ersberg without a rebound.
6:52 of 2nd period - Nate Thompson wins face-off versus Marcus Kruger in Little Stars zone.
7:29 of 2nd period - Icing by Greg Mauldin.
7:30 of 2nd period - Greg Mauldin wins face-off versus Marcus Kruger in Tamiflu zone.
7:39 of 2nd period - Kyle Lawson is hit by Matt Pelech and loses puck.
7:50 of 2nd period - Minor Penalty to Rich Clune for Holding.
7:51 of 2nd period - Nate Thompson wins face-off versus Marcus Kruger in Tamiflu zone.
7:51 of 2nd period - Nate Thompson is hit by Jesse Joensuu.
8:04 of 2nd period - Off-side.
8:05 of 2nd period - Nate Thompson wins face-off versus Marcus Kruger in neutral zone.
8:38 of 2nd period - Snap shot by Cody Bass.
8:38 of 2nd period - Stopped by Thomas Greiss with a rebound.
9:00 of 2nd period - Snap shot by Cody Bass.
9:00 of 2nd period - Stopped by Thomas Greiss with a rebound.
9:50 of 2nd period - Penalty to Rich Clune is over, Rich Clune is back on ice.
10:00 of 2nd period - Slapshot by Petr Pohl.
10:00 of 2nd period - Shot Misses the Net.
10:02 of 2nd period - Wrist shot by Rich Clune.
10:02 of 2nd period - Stopped by Erik Ersberg with a rebound.
10:04 of 2nd period - Slapshot by Petr Pohl.
10:04 of 2nd period - Stopped by Erik Ersberg without a rebound.
10:05 of 2nd period - Corey Trivino wins face-off versus Greg Mauldin in Little Stars zone.
12:03 of 2nd period - Marcus Kruger is hit by Alex Picard and loses puck.
12:12 of 2nd period - Snap shot by Alex Picard.
12:12 of 2nd period - Shot Blocked by Clay Wilson.
12:22 of 2nd period - Nate Thompson is hit by Landon Ferraro and loses puck.
12:49 of 2nd period - Nate Thompson is hit by Carl Hagelin and loses puck.
13:16 of 2nd period - Slapshot by Adam Henrique.
13:16 of 2nd period - Shot Misses the Net.
14:21 of 2nd period - Slapshot by Adam Henrique.
14:21 of 2nd period - Shot Misses the Net.
15:15 of 2nd period - Slapshot by Adam Henrique.
15:15 of 2nd period - Stopped by Erik Ersberg with a rebound.
15:46 of 2nd period - Minor Penalty to Philip Samuelsson for Hooking.
15:47 of 2nd period - Marcus Kruger wins face-off versus Nate Thompson in Tamiflu zone.
16:39 of 2nd period - Cody Bass is hit by Mattias Tedenby and loses puck.
17:03 of 2nd period - Clay Wilson is hit by Carson Mcmillan and loses puck.
17:10 of 2nd period - Jordan Hendry is hit by Carl Hagelin and loses puck.
17:41 of 2nd period - Wrist shot by Mattias Tedenby.
17:41 of 2nd period - Stopped by Erik Ersberg with a rebound.
17:46 of 2nd period - Penalty to Philip Samuelsson is over, Philip Samuelsson is back on ice.
17:51 of 2nd period - Snap shot by Matt Halischuk.
17:51 of 2nd period - Stopped by Thomas Greiss with a rebound.
17:59 of 2nd period - Snap shot by Nathan Oystrick.
17:59 of 2nd period - Deflect By Clay Wilson.
17:59 of 2nd period - Goal by Nathan Oystrick - Little Stars : 2 - Tamiflu : 2.
18:00 of 2nd period - Marcus Kruger wins face-off versus Greg Mauldin in neutral zone.
18:40 of 2nd period - Icing by Carl Hagelin.
18:41 of 2nd period - Adam Henrique wins face-off versus Cody Bass in Little Stars zone.
19:04 of 2nd period - Wrist shot by Nate Thompson.
19:04 of 2nd period - Stopped by Erik Ersberg without a rebound.
19:05 of 2nd period - Marcus Kruger wins face-off versus Nate Thompson in Little Stars zone.
19:12 of 2nd period - Alex Picard is hit by Jesse Joensuu and loses puck.
19:50 of 2nd period - Snap shot by Ryan Vesce.
19:50 of 2nd period - Shot Misses the Net.
19:52 of 2nd period - Snap shot by Ryan Vesce.
19:52 of 2nd period - Shot Misses the Net.
19:54 of 2nd period - Snap shot by Matt Halischuk.
19:54 of 2nd period - Deflect By Mike Duco.
19:54 of 2nd period - Stopped by Thomas Greiss without a rebound.
19:55 of 2nd period - Marcus Kruger wins face-off versus Greg Mauldin in Tamiflu zone.
Goals for this period are 1 for Little Stars vs 2 for Tamiflu.
Shots for this period are 9 for Little Stars vs 11 for Tamiflu.
3rd period
0:01 of 3rd period - Nate Thompson wins face-off versus Marcus Kruger in neutral zone.
0:03 of 3rd period - Off-side.
0:04 of 3rd period - Nate Thompson wins face-off versus Jesse Joensuu in neutral zone.
0:14 of 3rd period - Snap shot by Alex Picard.
0:14 of 3rd period - Stopped by Erik Ersberg without a rebound.
0:15 of 3rd period - Ryan Vesce wins face-off versus Nate Thompson in Little Stars zone.
0:20 of 3rd period - Wrist shot by Nate Thompson.
0:20 of 3rd period - Stopped by Erik Ersberg with a rebound.
0:24 of 3rd period - Slapshot by Alex Picard.
0:24 of 3rd period - Stopped by Erik Ersberg without a rebound.
0:25 of 3rd period - Nate Thompson wins face-off versus Marcus Kruger in Little Stars zone.
1:35 of 3rd period - Mathieu Roy is hit by Carson Mcmillan and loses puck.
1:40 of 3rd period - Snap shot by Nate Thompson.
1:40 of 3rd period - Deflect By Alex Picard.
1:40 of 3rd period - Stopped by Erik Ersberg with a rebound.
1:42 of 3rd period - Slapshot by Alex Picard.
1:42 of 3rd period - Stopped by Erik Ersberg with a rebound.
1:58 of 3rd period - Snap shot by Alex Picard.
1:58 of 3rd period - Shot Misses the Net.
3:10 of 3rd period - Wrist shot by Marcus Kruger.
3:10 of 3rd period - Shot Hit the Post.
3:20 of 3rd period - Slapshot by Jordan Hendry.
3:20 of 3rd period - Shot Blocked by Mathieu Roy.
3:44 of 3rd period - Alex Picard is hit by Jesse Joensuu and loses puck.
4:17 of 3rd period - Slapshot by Jonathan Sigalet.
4:17 of 3rd period - Stopped by Erik Ersberg with a rebound.
4:19 of 3rd period - Snap shot by Nate Thompson.
4:19 of 3rd period - Shot Blocked by Jesse Joensuu.
4:21 of 3rd period - Wrist shot by Nate Thompson.
4:21 of 3rd period - Stopped by Erik Ersberg with a rebound.
4:23 of 3rd period - Wrist shot by Nate Thompson.
4:23 of 3rd period - Stopped by Erik Ersberg with a rebound.
4:25 of 3rd period - Slapshot by Jonathan Sigalet.
4:25 of 3rd period - Shot Blocked by Ryan Vesce.
4:27 of 3rd period - Slapshot by Jordan Hendry.
4:27 of 3rd period - Stopped by Erik Ersberg with a rebound.
4:29 of 3rd period - Wrist shot by Alex Picard.
4:29 of 3rd period - Shot Blocked by Clay Wilson.
4:31 of 3rd period - Snap shot by Jordan Hendry.
4:31 of 3rd period - Shot Misses the Net.
4:33 of 3rd period - Wrist shot by Jordan Hendry.
4:33 of 3rd period - Stopped by Erik Ersberg with a rebound.
4:35 of 3rd period - Slapshot by Jordan Hendry.
4:35 of 3rd period - Deflect By Carson Mcmillan.
4:35 of 3rd period - Shot Misses the Net.
4:35 of 3rd period - Puck is out of play.
4:36 of 3rd period - Cody Bass wins face-off versus Greg Mauldin in Little Stars zone.
5:10 of 3rd period - Minor Penalty to Greg Mauldin for Holding.
5:11 of 3rd period - Mattias Tedenby wins face-off versus Cody Bass in Tamiflu zone.
5:16 of 3rd period - Cody Bass is hit by Rich Clune and loses puck.
5:58 of 3rd period - Jimmy Hayes is hit by Nathan Oystrick and loses puck.
7:10 of 3rd period - Penalty to Greg Mauldin is over, Greg Mauldin is back on ice.
7:33 of 3rd period - Danny DeKeiser is hit by Greg Mauldin and loses puck.
7:34 of 3rd period - Danny DeKeiser from Little Stars is injured at 7:34 of 3rd period (Sprained Left Finger).
7:35 of 3rd period - Marcus Kruger wins face-off versus Nate Thompson in Little Stars zone.
7:35 of 3rd period - Marcus Kruger is hit by Alex Picard.
7:45 of 3rd period - Wrist shot by Ryan Vesce.
7:45 of 3rd period - Stopped by Thomas Greiss with a rebound.
7:47 of 3rd period - Snap shot by Ryan Vesce.
7:47 of 3rd period - Goal by Ryan Vesce - Little Stars : 3 - Tamiflu : 2.
7:48 of 3rd period - Cody Bass wins face-off versus Carson Mcmillan in neutral zone.
7:59 of 3rd period - Snap shot by Carl Hagelin.
7:59 of 3rd period - Shot Misses the Net.
8:15 of 3rd period - Greg Mauldin is hit by Cameron Schilling and loses puck.
8:24 of 3rd period - Snap shot by Ryan Vesce.
8:24 of 3rd period - Stopped by Thomas Greiss with a rebound.
8:26 of 3rd period - Slapshot by Jesse Joensuu.
8:26 of 3rd period - Stopped by Thomas Greiss with a rebound.
8:37 of 3rd period - Off-side.
8:38 of 3rd period - Landon Ferraro wins face-off versus Adam Henrique in neutral zone.
9:10 of 3rd period - Kyle Lawson is hit by Ryan Vesce and loses puck.
10:19 of 3rd period - Slapshot by Mathieu Roy.
10:19 of 3rd period - Shot Misses the Net.
10:21 of 3rd period - Snap shot by Landon Ferraro.
10:21 of 3rd period - Goal by Landon Ferraro - Little Stars : 4 - Tamiflu : 2.
10:22 of 3rd period - Marcus Kruger wins face-off versus Nate Thompson in neutral zone.
10:25 of 3rd period - Carson Mcmillan is hit by Clay Wilson and loses puck.
11:11 of 3rd period - Snap shot by Matt Halischuk.
11:11 of 3rd period - Stopped by Thomas Greiss without a rebound.
11:12 of 3rd period - Corey Trivino wins face-off versus Adam Henrique in Tamiflu zone.
11:35 of 3rd period - Slapshot by Jonathan Sigalet.
11:35 of 3rd period - Shot Blocked by Jared Spurgeon.
11:37 of 3rd period - Snap shot by Alex Picard.
11:37 of 3rd period - Shot Misses the Net.
11:39 of 3rd period - Snap shot by Jordan Hendry.
11:39 of 3rd period - Stopped by Erik Ersberg without a rebound.
11:40 of 3rd period - Casey Wellman wins face-off versus Cody Bass in Little Stars zone.
12:45 of 3rd period - Wrist shot by Nate Thompson.
12:45 of 3rd period - Shot Misses the Net.
12:57 of 3rd period - Kyle Lawson is hit by Cody Bass.
13:13 of 3rd period - Snap shot by Jesse Joensuu.
13:13 of 3rd period - Deflect By Mike Duco.
13:13 of 3rd period - Shot Misses the Net.
13:13 of 3rd period - Puck is out of play.
13:14 of 3rd period - Adam Henrique wins face-off versus Marcus Kruger in Tamiflu zone.
13:48 of 3rd period - Backhand shot by Adam Henrique.
13:48 of 3rd period - Stopped by Erik Ersberg with a rebound.
14:04 of 3rd period - Jared Spurgeon is hit by Adam Henrique and loses puck.
14:28 of 3rd period - Wrist shot by Marcus Kruger.
14:28 of 3rd period - Stopped by Thomas Greiss with a rebound.
14:30 of 3rd period - Snap shot by Jimmy Hayes.
14:30 of 3rd period - Stopped by Thomas Greiss with a rebound.
14:32 of 3rd period - Snap shot by Jesse Joensuu.
14:32 of 3rd period - Deflect By Marcus Kruger.
14:32 of 3rd period - Shot Blocked by Adam Henrique.
14:32 of 3rd period - Puck is out of play.
14:33 of 3rd period - Cody Bass wins face-off versus Greg Mauldin in Tamiflu zone.
15:21 of 3rd period - Major / Game Misconduct Penalty to Mathieu Roy for Unsportsmanlike conduct.
15:21 of 3rd period - Mathieu Roy is ejected from game.
15:22 of 3rd period - Ryan Vesce wins face-off versus Greg Mauldin in Little Stars zone.
18:16 of 3rd period - Alex Picard is hit by Marcus Kruger and loses puck.
18:56 of 3rd period - Icing by Adam Henrique.
18:57 of 3rd period - Adam Henrique wins face-off versus Marcus Kruger in Tamiflu zone.
Goals for this period are 2 for Little Stars vs 0 for Tamiflu.
Shots for this period are 8 for Little Stars vs 12 for Tamiflu.
Output by the SimonT Hockey Simulator (STHS) for François Prévost -- Original Page W3C XHTML 1.0 Valid